AoeStats
← Scaslan

Black Forest

508035582Analyzed
4v4 RM · 13d ago on Sep 20, 2026· 86m 35s· 8 players
Game mode
Random Map
Map size
Large (8 player)
Population
200
Speed
Normal
Resources
Standard
Victory
Conquest
Starting age
Dark Age
Ending age
Imperial Age
RankedLock teamsTeams togetherTeam positionsShared explorationLock speedFull tech treeHidden civsTurbo modeCheats
Victory
Defeat
🇸🇪 Bohemians · Sweden
1030
+14
🇬🇧 Spanish · United Kingdom
1003
+16
🇨🇱 Mapuche · Chile
1001
+16
🇩🇪 Lithuanians · Germany
897
+20
🇹🇷 Turks · Türkiye
1023
-18
🇨🇳 Aztecs · China
989
-16
🇺🇸 Romans · United States
986
-16
🇨🇳 Khmer · China
969
-16
Amaturehour15
2:42 Loom
12:50 Feudal Age
13:20 Double-Bit Axe
13:19 Horse Collar
13:32 Gold Mining
20:34 Castle Age
19:32 Stone Mining
20:27 Fletching
21:42 Heavy Plow
21:55 Bow Saw
22:36 Gold Shaft Mining
22:52 Caravan
22:51 Bodkin Arrow
24:31 Wheelbarrow
26:26 Hand Cart
31:43 Imperial Age
32:48 Conscription
31:56 Heavy Scorpion
33:40 Crop Rotation
34:28 Chemistry
33:16 Pikeman
35:01 Ballistics
34:50 Halberdier
35:30 Squires
35:52 Ballistas
36:38 Scale Mail Armor
36:48 Forging
37:35 Town Watch
38:03 Siege Engineers
41:05 Bloodlines
40:16 Cavalier
42:24 Iron Casting
41:54 Scale Barding Armor
42:49 Husbandry
44:46 Chain Barding Armor
45:27 Blast Furnace
44:42 Chain Mail Armor
45:43 Onager
50:49 Town Patrol
50:48 Light Cavalry
53:23 Light Cavalry
61:38 Elite Centurion
71:02 Capped Ram
Scaslan
0:28 Loom
16:15 Feudal Age
18:05 Horse Collar
18:31 Double-Bit Axe
21:49 Castle Age
23:34 Wheelbarrow
23:39 Caravan
24:50 Bow Saw
26:48 Heavy Plow
29:22 Hand Cart
28:53 Town Watch
29:50 Gold Mining
29:55 Stone Mining
33:32 Gold Shaft Mining
36:21 Imperial Age
34:00 Town Patrol
34:23 Fortified Wall
35:33 Padded Archer Armor
35:23 Fletching
35:42 Scale Barding Armor
35:47 Forging
36:47 Coinage
37:50 Artillery
38:11 Conscription
37:12 Elite Janissary
38:20 Ballistics
37:57 Murder Holes
38:55 Bloodlines
38:46 Husbandry
38:50 Treadmill Crane
40:51 Leather Archer Armor
40:31 Bodkin Arrow
40:57 Chain Barding Armor
41:12 Iron Casting
43:33 Two-Man Saw
43:50 Hoardings
44:35 Plate Barding Armor
44:31 Ring Archer Armor
44:01 Bracer
45:24 Heavy Camel Rider
48:07 Blast Furnace
48:49 Banking
48:30 Guilds
76:01 Bombard Tower
75:34 Guard Tower
78:04 Squires
77:50 Arson
79:09 Scale Mail Armor
做宝可梦
3:47 Loom
13:24 Feudal Age
17:53 Castle Age
15:54 Double-Bit Axe
15:51 Horse Collar
17:37 Arson
18:36 Wheelbarrow
21:06 Forging
20:57 Scale Mail Armor
26:49 Hand Cart
26:19 Town Watch
26:54 Caravan
27:26 Bow Saw
28:51 Treadmill Crane
30:14 Heavy Plow
33:53 Imperial Age
32:09 Iron Casting
31:49 Chain Mail Armor
31:47 Squires
31:08 Pikeman
32:21 Man-at-Arms
32:46 Gambesons
32:23 Eagle Warrior
34:37 Town Patrol
35:00 Conscription
34:02 Elite Jaguar Warrior
35:00 Capped Ram
37:02 Blast Furnace
36:33 Plate Mail Armor
35:55 Arrowslits
36:06 Murder Holes
36:42 Garland Wars
37:57 Ballistics
38:38 Chemistry
37:30 Guard Tower
37:47 Siege Engineers
38:06 Siege Ram
39:36 Long Swordsman
39:40 Elite Eagle Warrior
40:19 Two-Handed Swordsman
40:59 Champion
46:27 Onager
52:00 Siege Onager
58:10 Padded Archer Armor
58:00 Fletching
57:38 Elite Skirmisher
59:27 Leather Archer Armor
61:29 Bodkin Arrow
64:29 Siege Onager
猪头
11:17 Feudal Age
11:36 Loom
17:17 Castle Age
15:24 Horse Collar
15:29 Double-Bit Axe
20:07 Bow Saw
20:24 Heavy Plow
23:51 Wheelbarrow
23:05 Town Watch
25:48 Caravan
28:30 Imperial Age
27:28 Caravan
28:28 Gold Mining
28:29 Stone Mining
30:53 Ballistics
30:40 Siege Engineers
31:37 Chemistry
30:31 Fletching
30:50 Scale Barding Armor
31:49 Conscription
31:53 Bloodlines
31:44 Husbandry
31:51 Elite Ballista Elephant
33:38 Crop Rotation
33:46 Gold Shaft Mining
33:49 Stone Shaft Mining
34:55 Town Patrol
35:18 Masonry
35:05 Murder Holes
35:21 Fortified Wall
36:55 Double Crossbow
37:22 Chain Barding Armor
37:02 Bodkin Arrow
36:32 Light Cavalry
38:50 Architecture
42:44 Hoardings
41:36 Hussar
43:34 Plate Barding Armor
43:01 Bracer
44:03 Tusk Swords
50:47 Elite Battle Elephant
55:44 Forging
63:36 Guard Tower
69:54 Keep
70:14 Elite Skirmisher
75:41 Padded Archer Armor
76:19 Iron Casting
Upsidupsi
0:35 Loom
12:38 Feudal Age
18:32 Castle Age
16:48 Horse Collar
17:21 Double-Bit Axe
22:46 Wheelbarrow
30:38 Imperial Age
28:39 Heavy Plow
28:58 Hand Cart
28:57 Gold Mining
29:22 Bow Saw
29:37 Bloodlines
29:48 Caravan
30:07 Scale Barding Armor
31:17 Forging
31:28 Chain Barding Armor
31:08 Cavalier
31:50 Husbandry
32:55 Iron Casting
33:14 Coinage
32:55 Guilds
32:44 Paladin
33:27 Stone Mining
33:01 Pikeman
34:45 Plate Barding Armor
34:43 Tower Shields
35:09 Conscription
36:03 Padded Archer Armor
35:53 Fletching
36:44 Thumb Ring
36:16 Elite Skirmisher
38:04 Ballistics
39:02 Chemistry
38:11 Bodkin Arrow
39:53 Leather Archer Armor
39:38 Bracer
41:22 Ring Archer Armor
61:05 Hoardings
62:59 Scale Mail Armor
64:17 Squires
64:02 Arson
65:10 Halberdier
68:17 Elite Leitis
69:03 Hill Forts
DotOmastoras
10:26 Feudal Age
11:52 Wheelbarrow
12:57 Horse Collar
15:41 Double-Bit Axe
18:58 Loom
21:30 Castle Age
20:36 Gold Mining
20:36 Stone Mining
20:50 Padded Archer Armor
20:40 Fletching
21:01 Forging
20:52 Scale Mail Armor
20:59 Scale Barding Armor
23:35 Hand Cart
23:35 Heavy Plow
24:24 Bow Saw
32:00 Imperial Age
30:36 Ballistics
30:11 Murder Holes
30:40 Masonry
30:41 Fortified Wall
30:53 Caravan
32:19 Iron Casting
31:40 Bodkin Arrow
34:20 Two-Man Saw
33:11 Onager
35:26 Chemistry
36:12 Conscription
38:03 Leather Archer Armor
37:49 Bracer
38:51 Blast Furnace
38:08 Chain Mail Armor
43:27 Ring Archer Armor
60:47 Plate Mail Armor
60:38 Chain Barding Armor
62:19 Capped Ram
68:20 Pikeman
69:00 Squires
68:46 Arson
69:17 Halberdier
White
11:40 Feudal Age
10:01 Loom
10:20 Loom
18:41 Castle Age
17:37 Double-Bit Axe
17:35 Horse Collar
24:34 Bow Saw
25:06 Wheelbarrow
25:39 Heavy Plow
26:37 Town Watch
29:28 Chemistry
32:51 Imperial Age
31:16 Squires
30:40 Pikeman
31:06 Arson
32:30 Fortified Wall
34:03 Houfnice
35:51 Halberdier
36:26 Elite Hussite Wagon
38:52 Caravan
39:38 Scale Mail Armor
39:48 Forging
43:00 Iron Casting
42:40 Chain Mail Armor
42:31 Scale Barding Armor
42:18 Fletching
51:15 Husbandry
50:36 Cavalier
51:28 Scale Barding Armor
52:24 Blast Furnace
51:54 Plate Mail Armor
57:46 Chain Barding Armor
64:25 Plate Mail Armor
68:32 Conscription
68:20 Wagenburg Tactics
71:38 Bodkin Arrow
Ayax
0:39 Loom
12:54 Feudal Age
15:04 Wheelbarrow
14:16 Double-Bit Axe
14:11 Horse Collar
19:46 Castle Age
20:52 Bow Saw
22:12 Heavy Plow
24:23 Elite Skirmisher
24:58 Fletching
25:02 Town Watch
26:23 Hand Cart
29:36 Stone Mining
29:42 Gold Mining
30:49 Bodkin Arrow
31:15 Padded Archer Armor
31:45 Treadmill Crane
32:26 Ballistics
35:22 Imperial Age
32:57 Caravan
33:51 Malon
34:06 Forging
33:57 Scale Mail Armor
34:14 Leather Archer Armor
33:57 Arson
33:38 Champi Runner
33:41 Pikeman
35:07 Gold Shaft Mining
35:24 Iron Casting
35:11 Town Patrol
36:11 Chain Mail Armor
36:37 Stone Shaft Mining
35:33 Halberdier
36:44 Crop Rotation
37:00 Conscription
38:35 Chemistry
37:48 Masonry
37:12 Champi Warrior
38:43 Ring Archer Armor
38:44 Butalmapu
38:50 Butalmapu
41:11 Plate Mail Armor
42:17 Bombard Tower
42:03 Siege Engineers
42:29 Architecture
44:52 Elite Champi Warrior
46:01 Elite Bolas Rider
Connection lost

Rejoining the realm…

Still unreachable

The connection could not be restored.

Session expired

The server has moved on; the page needs a fresh start.